 Dungeon Crawl Stone Soup version 0.29.1-12-g30fa7ad0bf (webtiles) character file.

Game seed: 14570287617759582249

137 safid the Shooter (level 5, -2/47 HPs)
             Began as a Minotaur Hunter on Dec 13, 2022.
             Killed by divine providence
             ... invoked by an orc priest
              (9 damage)
             ... on level 4 of the Dungeon.
             The game lasted 00:03:23 (2775 turns).

safid the Shooter (Minotaur Hunter)                 Turns: 2775, Time: 00:03:24

Health: -2/47      AC:  6    Str: 16    XL:     5   Next: 0%
Magic:  4/4        EV: 12    Int:  6    God:
Gold:   130        SH:  0    Dex: 15    Spells: 4/4 levels left

rFire   + . .      SeeInvis .   a - +0 shortbow
rCold   + . .      Faith    .   (shield currently unavailable)
rNeg    . . .      Spirit   .   s - +3 leather armour
rPois   .          Reflect  .   (helmet restricted)
rElec   .          Harm     .   d - scarf {rC+ rF+}
rCorr   .          Rampage  .   (no gloves)
Will    .....                   (no boots)
Stlth   +.........              (no amulet)
HPRegen 0.15/turn               (no ring)
MPRegen 0.09/turn               (no ring)

@: no status effects
A: horns 2, retaliatory headbutt
a: no special abilities


You were on level 4 of the Dungeon.
You visited 1 branch of the dungeon, and saw 4 of its levels.

You collected 130 gold pieces.

Inventory:

Hand Weapons
 a - a +0 shortbow (weapon)
Missiles
 r - a throwing net
Armour
 d - a scarf of resistance (worn)
 s - a +3 leather armour (worn)
Wands
 w - a wand of paralysis (5)
Scrolls
 c - 2 scrolls of fear {unknown}
 f - 5 scrolls of identify {unknown}
 i - a scroll of enchant armour {unknown}
 l - 2 scrolls of enchant weapon {unknown}
 o - 6 scrolls of vulnerability {unknown}
 p - 3 scrolls of poison {unknown}
 v - a scroll of teleportation {unknown}
Potions
 b - 2 potions of curing {unknown}
 e - a potion of might {unknown}
 g - a potion of heal wounds {unknown}
 h - a potion of lignification {unknown}
 j - 2 potions of flight {unknown}
 k - 3 potions of cancellation {unknown}
 m - a potion of brilliance {unknown}
 n - a potion of degeneration {unknown}
 q - a potion of ambrosia {unknown}
 t - a potion of mutation {unknown}
 u - a potion of berserk rage {unknown}


   Skills:
 + Level 4.8 Fighting
 + Level 5.8 Ranged Weapons
 - Level 2.1 Dodging
 - Level 0.7 Stealth


You had 4 spell levels left.
You didn't know any spells.
Your spell library was empty.

Dungeon Overview and Level Annotations

Branches:
Dungeon (4/15)
 Temple: D:4-7

Altars:
Sif Muna


Innate Abilities, Weirdness & Mutations

You have a pair of horns on your head.
You reflexively headbutt those who attack you in melee.


Message History

You have reached level 5!
You shoot an arrow. The orc shouts!
The arrow hits the orc but does no damage.
The orc hits you with a +0 whip.
An orc priest comes into view.
It is wielding a +2 hand axe of freezing.
You shoot an arrow. The arrow completely misses the orc.
The orc hits you but does no damage. The orc misses you.
You shoot an arrow.
The arrow hits the orc but does no damage.
The orc hits you but does no damage. x2
You shoot an arrow. The arrow barely misses the orc.
An orc comes into view. It is wielding a +0 flail.
The orc misses you. The orc barely misses you.
You shoot an arrow. The arrow completely misses the orc.
The orc hits you but does no damage. The orc hits you with a +0 mace.
The orc hits you but does no damage. The orc hits you with a +0 whip.
The orc barely misses you.
You are too injured to fight recklessly!
You are too injured to fight recklessly!
You are too injured to fight recklessly!
Unknown command.
You are too injured to fight recklessly!
The orc attacks as you move away! The orc misses you.
The orc priest hits you but does no damage.
The orc attacks as you move away! The orc misses you.
The orc attacks as you move away! The orc hits you with a +0 short sword.
The orc attacks as you move away! The orc hits you with a +0 short sword.
The orc attacks as you move away! The orc hits you but does no damage.
The orc attacks as you move away! The orc completely misses you.
The orc attacks as you move away! The orc hits you but does no damage.
The orc attacks as you move away! The orc hits you but does no damage.
The orc attacks as you move away! The orc closely misses you.
The orc priest invokes the aid of Beogh against you.
Beogh smites you!
* * * LOW HITPOINT WARNING * * *
The orc attacks as you move away! The orc hits you but does no damage.
The orc priest calls down the wrath of Beogh upon you.
Beogh smites you!
You die...

.# ####.#
#######....
#........#
#........####
#...........#
#.........#.# ##
#<.@.o....#.# ###.
#.....o...#.# ###..#
#.........#.###..#..
#........o#.#..#.o.#
#########o.o.o..o#..
#.o....#...#
#........#..
#......#...#
#........#..


You could see an orc priest and 4 orcs.

Vanquished Creatures
  An orc priest (D:4)
  3 adders
  3 worms
  2 dart slugs
  8 orcs
  A bat (D:1)
  5 endoplasms
  3 giant cockroaches
  4 goblins
  3 hobgoblins
  7 jackals (D:1)
  5 kobolds
  2 quokkas
  4 ball pythons
  4 frilled lizards
  4 rats
59 creatures vanquished.

Notes
Turn   | Place    | Note
-------+----------+-------------------------------------------
     0 | D:1      | safid the Minotaur Hunter began the quest for the Orb.
     0 | D:1      | Reached XP level 1. HP: 18/18 MP: 0/0
   219 | D:1      | Reached XP level 2. HP: 26/26 MP: 1/1
   774 | D:2      | Reached XP level 3. HP: 31/31 MP: 2/2
   859 | D:2      | Reached skill level 5 in Ranged Weapons
  1719 | D:3      | Found a shimmering blue altar of Sif Muna.
  1810 | D:3      | Reached XP level 4. HP: 34/40 MP: 3/3
  2749 | D:4      | Reached XP level 5. HP: 30/47 MP: 4/4
  2775 | D:4      | Killed from afar by an orc priest

Illustrated notes

Levels and vault maps discovered:
D:1:      lemuel_arrival_tunnels, layout_basic
D:2:      layout_basic
D:3:      layout_loops_corners, marbit_many_paths, chequers_decorated_corner,
          minmay_fractal_squares_gapless_5
D:4:      layout_basic, lemuel_crystal_altar, minmay_temple_entry_junction,
          hex_large

Skill      XL: |  1  2  3 |
---------------+----------+-----
Fighting       | 3 4 |  4.8
Ranged Weapons | 5 |  5.8
Dodging        | |  2.1
Stealth        | |  0.7

Action                   |  1- 3 |  4- 6 || total
-------------------------+-------+-------++-------
 Fire: Shortbow          |   109 |    62 ||   171
Armor: Leather armour    |    11 |    15 ||    26
Dodge: Dodged            |    24 |    20 ||    44
